 Dungeon Crawl Stone Soup version 0.26.1-16-g4e020e15dc (webtiles) character file.

Game seed: 6506048459033902786

140431 Froggeryz the Spry (level 17, -5/126 HPs)
             Began as an Octopode Berserker on Apr 8, 2023.
             Was a High Priest of Trog.
             Killed from afar by a naga (8 damage)
             ... with a splash of poison
             ... on level 3 of the Snake Pit on Nov 3, 2023.
             The game lasted 00:50:44 (42885 turns).

Froggeryz the Spry (Octopode Berserker)            Turns: 42885, Time: 00:50:45

Health: -5/126     AC:  7    Str: 16 (17) XL:     17   Next: 30%
Magic:  0/17       EV: 30    Int:  7 (10) God:    Trog [*****.]
Gold:   2374       SH:  0    Dex: 16 (17) Spells: 16/16 levels left

rFire    . . .     SeeInvis .   y - +7 lajatang of Order {silver, rMut}
rCold    + + .     Faith    .   (shield currently unavailable)
rNeg     . . .     Spirit   +   G - +2 hat {Will+}
rPois    .         Reflect  .   J - amulet of guardian spirit
rElec    .         Harm     .   r - +4 ring of protection
rCorr    +         Rampage  .   H - ring of protection from cold
rMut     +                      M - ring of resist corrosion
Will     ++++.                  d - +4 ring of evasion
Stlth    +++++++...             R - ring of protection from cold
HPRegen  1.31/turn              w - ring of stealth
MPRegen  0.15/turn              (no ring)
                                (no ring)

@: lethally poisoned (-5 -> -6), regenerating
A: almost no armour, stealthy swim, amphibious, 8 rings, constrict 8, camouflage
1, gelatinous body 1
a: Renounce Religion, Berserk, Trog's Hand, Brothers in Arms


You were on level 3 of the Snake Pit.
You worshipped Trog.
Trog was extremely pleased with you.
You visited 5 branches of the dungeon, and saw 25 of its levels.
You also visited: Sewer.

You collected 3070 gold pieces.
You spent 696 gold pieces at shops.

Inventory:

Hand Weapons
 y - the +7 lajatang of Order (weapon) {silver, rMut}
   (You found it on level 4 of the Dungeon)

   It protects you from mutation.
 V - a +5 vorpal lajatang
Missiles
 n - 45 poisoned darts (quivered)
 z - 13 throwing nets
 I - 3 boomerangs of dispersal
 K - 38 boomerangs
 P - 13 javelins
Armour
 G - a +2 hat of willpower (worn)
Jewellery
 d - a +4 ring of evasion (on tentacle)
 r - a +4 ring of protection (left tentacle)
 w - a ring of stealth (on tentacle)
 H - a ring of protection from cold (right tentacle)
 J - an amulet of guardian spirit (around mantle)
 M - a ring of resist corrosion (on tentacle)
 R - a ring of protection from cold (on tentacle)
Wands
 a - a wand of paralysis (25)
 e - a wand of acid (10)
 s - a wand of iceblast (30)
 t - a wand of flame (51)
 u - a wand of digging (7)
 E - a wand of polymorph (11)
 L - a wand of enslavement (10)
 T - a wand of random effects (41)
Scrolls
 b - 8 scrolls of remove curse
 c - 3 scrolls of immolation
 q - 2 scrolls of noise
 v - 7 scrolls of fog
 x - 12 scrolls of teleportation
 A - 6 scrolls of enchant armour
 B - 12 scrolls of enchant weapon
 F - 3 scrolls of magic mapping
Potions
 f - 2 potions of might
 g - 5 potions of attraction
 h - 7 potions of curing
 i - 3 potions of ambrosia
 j - 2 potions of cancellation {unknown}
 k - 2 potions of magic
 l - 5 potions of berserk rage {unknown}
 m - 4 potions of lignification {unknown}
 o - a potion of invisibility {unknown}
 p - 4 potions of haste {unknown}
 C - a potion of resistance {unknown}
 D - 3 potions of flight {unknown}
 N - 5 potions of degeneration
 U - 2 potions of heal wounds {unknown}
Miscellaneous
 O - a tin of tremorstones (2/2)
 S - a phantom mirror


   Skills:
 + Level 14.8 Fighting
 - Level 7.0 Short Blades
 - Level 14.0 Staves
 - Level 8.1 Throwing
 + Level 16.7 Dodging
 + Level 11.4 Stealth
 - Level 9.3 Evocations


You had 16 spell levels left.
You didn't know any spells.
Your spell library was empty.

Dungeon Overview and Level Annotations

Branches:
Dungeon (10/15)            Temple (0/1) D:7            Lair (6/6) D:10
 Shoals (4/4) Lair:3        Snake (3/4) Lair:4        Slime (0/5) Lair:5
    Orc (2/2) D:10            Elf (0/3) Orc:2         Sewer (visited)

Altars:
Kikubaaqudgha
Okawaru
Sif Muna
Uskayaw
Vehumet
Yredelemnul
Zin
Beogh
Lugonu

Shops:
D:7 *   Orc:2 ?[:[   Shoals:2 *   Snake:1 }

Portals:
Abyss: D:8

Annotations:
D:5 2 transporters, Froggeryz's ghost, novice DsWn
Lair:3 1 runed translucent door
Orc:1 3 runed translucent doors, Wanenuz's ghost, journeyman DECj


Innate Abilities, Weirdness & Mutations

You cannot wear most types of armour.
You are very stealthy in the water. (Stealth+)
You are amphibious.
You can wear up to eight rings at the same time.
You can use your tentacles to constrict eight enemies at once.
Your skin changes colour to match your surroundings (Stealth+).
Your rubbery body absorbs attacks. (AC +1, EV +1)


Message History

The splash of poison misses you. The naga spits poison at you.
The splash of poison hits you but does no damage.
You are more poisoned.
The naga sharpshooter shoots a bolt.
The bolt completely misses you.
You feel better.
The naga sharpshooter shoots an arrow.
The arrow barely misses you. The naga spits poison at you.
The splash of poison hits you.
You are poisoned.
* * * LOW HITPOINT WARNING * * *
You feel better.
The naga sharpshooter spits poison at you.
The splash of poison misses you.
The naga sharpshooter shoots an arrow.
The arrow hits you!!
* * * LOW HITPOINT WARNING * * *
The naga spits poison at you. The splash of poison hits you!
You are poisoned.
You die...

#.[........[.....?..##
..#####.####.........#
#.#####..###.........#
#.........##....(....#
########....†.......(#
#†###..().....#
#......$(.....#
#####......(.....#
#.....#.....@N...#
....#####....N.......#
.# ##....N......# ...
##<........(# .##
.............# ##
####.#####..[.# #.#
....# .. ....#


You could see 2 naga sharpshooters and a naga (catching breath).

Vanquished Creatures
  Rupert (Orc:2)
  Gastronok (Lair:3)
  Kirke (Shoals:4)
  A nagaraja (Snake:2)
  The ghost of Xefodof the Severer, a journeyman MiBe of Trog (Lair:6)
  A merfolk javelineer (Shoals:3)
  2 ettins
  2 merfolk impalers
  6 naga warriors
  6 hydras
  2 merfolk avatars
  8 anacondas
  3 two-headed ogres
  A satyr (Shoals:3)
  4 death yaks (Lair:6)
  2 ogre magi (Orc:2)
  8 naga sharpshooters
  2 shock serpents
  5 sea snakes
  6 naga ritualists
  A lindwurm (Lair:6)
  Pikel (D:5)
  5 mana vipers
  7 harpies
  11 orc sorcerers
  3 salamanders
  5 cyclopes (Shoals:3)
  18 fauns
  13 manticores
  8 naga magi
  41 black mambas
  A centaur zombie (D:10)
  11 merfolk sirens
  4 water nymphs
  9 elephants
  2 guardian serpents
  18 komodo dragons
  A centaur skeleton (D:8)
  17 cane toads
  5 rime drakes
  4 trolls
  5 wind drakes
  15 merfolk
  5 hornets
  Grinder (D:4)
  3 polar bears
  13 blink frogs
  17 dream sheep
  8 snapping turtles
  52 yaks
  3 water elementals
  2 wyverns (Lair:6)
  3 hogs (Shoals:4)
  Eustachio (D:6)
  A human (Shoals:4)
  2 basilisks
  21 nagas
  4 wargs (Orc:1)
  9 water moccasins
  2 sky beasts
  9 orc warriors
  2 black bears
  An eye of draining (D:8)
  4 boggarts (Lair:4)
  10 ogres
  18 wolves
  10 centaurs
  4 big kobolds (Sewer)
  22 bullfrogs
  6 killer bees (D:7)
  3 scorpions
  5 wights (D:10)
  2 howler monkeys
  5 electric eels
  A crimson imp (D:5)
  A quasit (D:9)
  9 hounds
  6 jellies
  12 orc priests
  Crazy Yiuf (D:4)
  41 orc wizards
  4 bullfrog skeletons
  An iguana (D:9)
  Natasha (thrice) (D:4)
  Ijyb (D:5)
  8 worker ants
  A hound zombie (D:6)
  A hound skeleton (D:8)
  2 worker ant zombies
  A howler monkey skeleton (D:8)
  4 gnolls (D:4)
  14 adders
  2 river rats (Sewer)
  A white imp (D:5)
  2 ufetubi
  6 oozes
  An adder zombie (D:8)
  An adder skeleton (D:8)
  4 worms
  10 leopard geckos
  84 orcs
  10 ball pythons
  5 giant cockroaches
  2 goblins (D:1)
  5 hobgoblins
  4 jackals (D:9)
  7 quokkas
  6 bats
  3 frilled lizards
  A jackal zombie (D:5)
  10 kobolds
  2 leopard gecko skeletons
  A quokka skeleton (D:5)
  7 rats
  A lurking horror (D:8)
802 creatures vanquished.

Vanquished Creatures (collateral kills)
  A cyclops (Shoals:2)
1 creature vanquished.

Vanquished Creatures (others)
  A dream sheep (Shoals:2)
  35 fungi
  A lurking horror (D:8)
  115 plants
152 creatures vanquished.

Grand Total: 955 creatures vanquished

Notes
Turn   | Place    | Note
-------+----------+-------------------------------------------
     0 | D:1      | Froggeryz the Octopode Berserker began the quest for the
                  | Orb.
     0 | D:1      | Reached XP level 1. HP: 16/16 MP: 1/1
   303 | D:1      | Reached XP level 2. HP: 19/21 MP: 2/2
  1094 | D:2      | Reached XP level 3. HP: 14/26 MP: 3/3
  1889 | D:3      | Found a glowing drain.
  1904 | Sewer    | Entered a sewer
  2107 | Sewer    | Noticed a big kobold
  2123 | Sewer    | Killed a big kobold
  2124 | Sewer    | Reached XP level 4. HP: 33/33 MP: 4/4
  2243 | Sewer    | Reached ** piety under Trog
  2250 | Sewer    | Reached XP level 5. HP: 37/37 MP: 5/5
  2384 | Sewer    | Noticed a big kobold
  2392 | Sewer    | Reached skill level 5 in Short Blades
  2417 | Sewer    | Killed a big kobold
  2585 | Sewer    | Reached XP level 6. HP: 38/44 MP: 6/6
  3362 | D:3      | Reached XP level 7. HP: 43/49 MP: 7/7
  3561 | D:3      | Reached skill level 5 in Fighting
  3633 | D:3      | Found a faded altar of an unknown god.
  3852 | D:4      | Noticed Natasha
  3873 | D:4      | Killed Natasha
  3880 | D:4      | Reached *** piety under Trog
  4166 | D:4      | Found the +7 lajatang of Order {silver, rMut}
  4276 | D:4      | Reached skill level 1 in Staves
  4550 | D:4      | Noticed Grinder
  4557 | D:4      | Killed Grinder
  4666 | D:4      | Found a runed translucent door.
  4667 | D:4      | Noticed Crazy Yiuf
  4845 | D:4      | Noticed Natasha
  4848 | D:4      | Reached XP level 8. HP: 55/55 MP: 8/8
  4849 | D:4      | Found an iron altar of Okawaru.
  4856 | D:4      | Killed Natasha
  4928 | D:4      | Noticed Natasha
  4937 | D:4      | Killed Natasha
  5094 | D:4      | Killed Crazy Yiuf
  5186 | D:5      | Entered Level 5 of the Dungeon
  5342 | D:5      | Noticed a two-headed ogre
  5349 | D:5      | Killed a two-headed ogre
  5514 | D:5      | Reached XP level 9. HP: 61/61 MP: 9/9
  5567 | D:5      | Noticed Pikel
  5577 | D:5      | Killed Pikel
  5597 | D:5      | Noticed Froggeryz's ghost (novice DsWn)
  5627 | D:5      | Found a transporter.
  5634 | D:5      | Noticed Ijyb
  5641 | D:5      | Killed Ijyb
  5642 | D:5      | Found a transporter.
  5679 | D:5      | Found a glowing silver altar of Zin.
  5727 | D:5      | Identified the +8 kite shield of Fuikuy {+Inv Str+4}
  5964 | D:5      | Found a hide-covered altar of Uskayaw.
  5964 | D:5      | Found a basalt altar of Yredelemnul.
  6454 | D:6      | Noticed Eustachio
  6456 | D:6      | Killed Eustachio
  6457 | D:6      | Reached skill level 10 in Staves
  7261 | D:7      | Found a staircase to the Ecumenical Temple.
  7315 | D:7      | Reached XP level 10. HP: 30/66 MP: 10/10
  7558 | D:7      | Found Roahak Hoin's General Store.
  7571 | D:7      | Reached **** piety under Trog
  7715 | D:7      | Bought a scroll of blinking for 90 gold pieces
  7715 | D:7      | Bought a scroll of teleportation for 36 gold pieces
  8148 | D:8      | Found a one-way gate to the infinite horrors of the Abyss.
  8148 | D:8      | Found a corrupted altar of Lugonu.
  8410 | D:8      | Noticed a two-headed ogre
  8445 | D:8      | Killed a two-headed ogre
  8760 | D:8      | Found a hide-covered altar of Uskayaw.
 10408 | D:8      | Found a shimmering blue altar of Sif Muna.
 10523 | D:8      | Reached XP level 11. HP: 57/75 MP: 7/11
 11029 | D:9      | Reached ***** piety under Trog
 11418 | D:10     | Entered Level 10 of the Dungeon
 11809 | D:10     | Received a gift from Trog
 12034 | D:10     | Found a staircase to the Orcish Mines.
 12054 | D:10     | Found a staircase to the Lair.
 12057 | D:10     | Noticed a two-headed ogre
 12516 | D:10     | Killed a two-headed ogre
 12517 | D:10     | Reached skill level 4 in Dodging
 12964 | D:10     | Reached skill level 1 in Throwing
 13175 | Lair:1   | Entered Level 1 of the Lair of Beasts
 13294 | Lair:1   | Reached skill level 5 in Dodging
 13845 | Lair:1   | Reached skill level 6 in Dodging
 14084 | Lair:1   | Reached XP level 12. HP: 77/84 MP: 10/12
 14754 | Lair:1   | Reached skill level 7 in Dodging
 15991 | Lair:2   | Reached skill level 8 in Dodging
 16464 | Lair:3   | Reached skill level 5 in Throwing
 16470 | Lair:3   | Found a staircase to the Shoals.
 16699 | Lair:3   | Reached skill level 9 in Dodging
 16914 | Lair:3   | Noticed Gastronok
 16928 | Lair:3   | Killed Gastronok
 16929 | Lair:3   | Reached skill level 10 in Fighting
 16929 | Lair:3   | Reached XP level 13. HP: 74/92 MP: 6/13
 17436 | Lair:4   | Reached skill level 10 in Dodging
 17859 | Lair:3   | Found a runed translucent door.
 18544 | Lair:4   | Found a staircase to the Snake Pit.
 19063 | Lair:4   | Reached skill level 1 in Evocations
 19576 | Lair:5   | Received a gift from Trog
 19683 | Lair:5   | Reached skill level 11 in Dodging
 20572 | Lair:5   | Found a staircase to the Slime Pits.
 20854 | Lair:6   | Entered Level 6 of the Lair of Beasts
 20978 | Lair:6   | Reached skill level 12 in Dodging
 21044 | Lair:6   | Reached XP level 14. HP: 69/101 MP: 12/14
 21183 | Lair:6   | Paralysed by a hornet for 2 turns
 21189 | Lair:6   | Reached skill level 5 in Evocations
 21839 | Lair:6   | Received a gift from Trog
 21867 | Lair:6   | Found a large runed translucent door.
 21867 | Lair:6   | Found a large runed translucent door.
 21887 | Lair:6   | Noticed Xefodof's ghost (journeyman MiBe)
 22913 | Lair:6   | Reached skill level 13 in Dodging
 23905 | Lair:6   | Killed Xefodof's ghost
 24248 | Orc:1    | Entered Level 1 of the Orcish Mines
 24401 | Orc:2    | Entered Level 2 of the Orcish Mines
 24401 | Orc:2    | Noticed Rupert
 24417 | Orc:2    | Killed Rupert
 25154 | Orc:2    | Found a staircase to the Elven Halls.
 25187 | Orc:2    | Found a roughly hewn altar of Beogh.
 25335 | Orc:1    | Found a roughly hewn altar of Beogh.
 25796 | Orc:1    | Found a runed translucent gate.
 25796 | Orc:1    | Found a runed translucent gate.
 25798 | Orc:1    | Found a runed translucent gate.
 25809 | Orc:1    | Noticed Wanenuz's ghost (journeyman DECj)
 25893 | Orc:1    | Found an iron altar of Okawaru.
 26194 | Orc:2    | Reached skill level 14 in Dodging
 26194 | Orc:2    | Reached XP level 15. HP: 109/109 MP: 15/15
 26389 | Orc:2    | Found a radiant altar of Vehumet.
 26393 | Orc:2    | Found Udyt's Magic Scroll Shop.
 26718 | Orc:2    | Found a roughly hewn altar of Beogh.
 26718 | Orc:2    | Found Diloi's Antique Armour Shop.
 26741 | Orc:2    | Found Igiepsoth's Antique Armour Boutique.
 26750 | Orc:2    | Found Ifomix's Book Boutique.
 26788 | Orc:2    | Bought a scroll of teleportation for 42 gold pieces
 26788 | Orc:2    | Bought a scroll of teleportation for 42 gold pieces
 26788 | Orc:2    | Bought a scroll of teleportation for 42 gold pieces
 26788 | Orc:2    | Bought a scroll of enchant weapon for 105 gold pieces
 26788 | Orc:2    | Bought a scroll of enchant weapon for 105 gold pieces
 26788 | Orc:2    | Bought a scroll of remove curse for 42 gold pieces
 26790 | Orc:2    | Found an ancient bone altar of Kikubaaqudgha.
 27007 | Shoals:1 | Entered Level 1 of the Shoals
 28181 | Shoals:1 | Reached ****** piety under Trog
 28728 | Shoals:2 | Reached skill level 1 in Stealth
 29803 | Shoals:2 | Reached skill level 15 in Dodging
 30074 | Shoals:2 | Found Wuse's Assorted Antiques.
 30086 | Shoals:2 | Bought a potion of curing for 96 gold pieces
 30086 | Shoals:2 | Bought a scroll of teleportation for 96 gold pieces
 31541 | Shoals:3 | Received a gift from Trog
 32755 | Shoals:3 | Reached skill level 5 in Stealth
 32896 | Shoals:3 | Reached XP level 16. HP: 98/117 MP: 13/16
 34590 | Shoals:4 | Entered Level 4 of the Shoals
 34656 | Shoals:4 | Noticed Kirke
 34667 | Shoals:4 | Noticed a sphinx
 34669 | Shoals:4 | Killed Kirke
 34782 | Snake:1  | Entered Level 1 of the Snake Pit
 35450 | Snake:1  | Received a gift from Trog
 35636 | Snake:1  | Found Xaifuter's Gadget Boutique.
 36194 | Snake:1  | Reached skill level 16 in Dodging
 39364 | Snake:2  | Reached skill level 10 in Stealth
 39584 | Snake:2  | Noticed a nagaraja
 39599 | Snake:2  | Killed a nagaraja
 39919 | Snake:2  | Reached XP level 17. HP: 126/126 MP: 17/17
 39935 | Snake:2  | Received a gift from Trog
 42885 | Snake:3  | HP: 3/126 [naga sharpshooter/arrow (23)]
 42885 | Snake:3  | Killed from afar by a naga

Illustrated notes

Levels and vault maps discovered:
D:1:      lightli_arrival_chessboard, layout_basic,
          chequers_serial_rivers_small_a, chequers_serial_rivers_marsh
D:2:      layout_rooms
D:3:      layout_basic, portal_sewer_entry_f, chequers_ecumenical_altar_twisty
D:4:      kennysheep_big_flooded_room, layout_basic, okawaru_gym_becter,
          uniq_crazy_yiuf_cottage, uniq_grinder, uniq_natasha
D:5:      layout_gridville, kennysheep_mini_moat,
          chequers_temple_overflow_statue_of_worship,
          gammafunk_ghost_gnarly_gnolls, grunt_ministairs_15,
          minmay_misc_feat_x, minmay_fire_ice_demons, uniq_pikel, uniq_ijyb
D:6:      layout_rooms, serial_corexii_hall, corexii_hall_statues_i,
          corexii_hall_statues_x, corexii_hall_statues_l,
          corexii_hall_statues_x, chequers_hall_statues_wall_a,
          corexii_hall_statues_i, nrook_uturn, uniq_eustachio
D:7:      layout_loops_ring, minmay_temple_entry_nine_rooms, serial_shops, shop
D:8:      layout_layer_cave, kennysheep_little_box, basic_altar,
          amcnicky_altar_lugonu_corruption
D:9:      layout_roguey, minmay_crystal_room
D:10:     layout_loops_ring, erik_lair_island, hiddenorc2_lemuel,
          chequers_serial_rivers_marsh, serial_bayou_crossing
Lair:1:   layout_gridlike, infiniplex_staircase_pool, serial_bayou_shore_b,
          grunt_megastairs_2, serial_bayou_shore_a
Lair:2:   layout_cave_shapes, fungi_pond_lemuel
Lair:3:   layout_chaotic_city, minmay_shoals_entry_centaurs, pf_torpor_hydra,
          uniq_gastronok
Lair:4:   layout_small_grid, guppyfry_snake_entry_island,
          kilobyte_rumbling_trees, grunt_megastairs_5
Lair:5:   layout_regular_city, nicolae_slime_entry_slimehenge,
          infiniplex_staircase_pool_2
Lair:6:   gammafunk_lair_ancient_temple, layout_regular_city,
          ebering_ghost_disaster_area
Shoals:1: layout_shoals
Shoals:2: layout_shoals, nicolae_shoals_c_island
Shoals:3: layout_shoals, hangedman_shoals_cup_caves
Shoals:4: shoals_end_hangedman, layout_shoals, uniq_kirke
Snake:1:  layout_chambers, minmay_shop_grid_forest, nicolae_snake_springs
Snake:2:  layout_layer_cave
Snake:3:  layout_rooms, gammafunk_ghost_abyssal_escape, lemuel_fruit_tree,
          uniq_aizul, uniq_vashnia
Orc:1:    minmay_goldmine, layout_caves, gammafunk_ghost_fury_of_okawaru,
          mines1_david
Orc:2:    kennysheep_orc_mage_school, layout_caves, basic_altar, uniq_rupert

Skill      XL: |  1  2  3  4  5  6  7  8  9 10 11 12 13 14 15 16 17 |
---------------+----------------------------------------------------+-----
Short Blades   | 4 5 6 7 |  7.0
Fighting       | 4 5 7 8 10 11 12 13 14 | 14.8
Staves         | 3 7 11 13 14 | 14.0
Dodging        | 6 9 12 14 15 16 | 16.7
Throwing       | 3 6 8 |  8.1
Evocations     | 4 7 9 |  9.3
Stealth        | 5 10 11 | 11.4

Action                   |  1- 3 |  4- 6 |  7- 9 | 10-12 | 13-15 | 16-18 || total
-------------------------+-------+-------+-------+-------+-------+-------++-------
Melee: Short sword       |    71 |    91 |    57 |       |       |       ||   219
       Constrict         |    15 |    25 |    45 |    61 |   143 |    56 ||   345
       Tentacles         |     8 |    10 |    37 |   105 |   220 |   127 ||   507
       Lajatang          |       |       |   119 |   491 |   913 |   542 ||  2065
Throw: Dart              |       |       |     2 |    29 |    59 |    16 ||   106
       Boomerang         |       |       |       |       |    19 |       ||    19
Invok: Berserk           |     1 |       |     4 |     5 |     8 |     3 ||    21
       Trog's Hand       |       |       |     3 |     2 |     8 |     5 ||    18
Evoke: Wand              |       |       |       |     2 |     7 |     6 ||    15
  Use: Potion            |       |       |     2 |     2 |       |     5 ||     9
       Scroll            |       |       |       |    17 |    10 |     4 ||    31
 Stab: Sleeping          |     5 |     9 |     9 |     7 |    18 |    21 ||    69
       Distracted        |       |     1 |       |       |     2 |     1 ||     4
Armor: Skin              |     9 |     2 |    15 |    37 |    68 |    28 ||   159
Dodge: Dodged            |    45 |    44 |   111 |   270 |   860 |   576 ||  1906
